 Dungeon Sprint DCSS version 0.15-a0-1206-g3bad1a6 (webtiles) character file.

1357 Infinimo the Basher (level 8, -5/46 HPs)
             Began as a Gargoyle Berserker on June 1, 2014.
             Was an Elder of Trog.
             Slain by a demonic crawler (6 damage)
             ... in the Dungeon (Sprint I: "Red Sonja").
             The game lasted 00:03:08 (1432 turns).

Infinimo the Basher (Gargoyle Berserker)            Turns: 1432, Time: 00:03:09

HP  -5/46        AC  8     Str 20 (22) XL: 8   Next: 64%
MP   8/8         EV 12     Int  9      God: Trog [****..]
Gold 306         SH  0     Dex  9      Spells:  0 memorised,  7 levels left

rFire  . . .     SeeInvis .     a - +0 mace
rCold  . . .     Clarity  .     b - +0 animal skin
rNeg   + . .     rCorr    .     (no shield)
rPois  +         rRot     +     (no helmet)
rElec  +         Spirit   .     (no cloak)
SustAb .         Warding  .     (no gloves)
rMut   .         NoTele   +     (no boots)
Gourm  .                        (no amulet)
MR     .....                    (no ring)
                                (no ring)

@: exhausted, slowed, very slow, not resistant to hostile enchantments, very
unstealthy
A: life protection 1, electricity resistance, unbreathing, petrification
resistance, rot immunity, AC +5
a: Burn Spellbooks, Berserk, Trog's Hand, Brothers in Arms, Renounce Religion


You were in the Dungeon.
You worshipped Trog.
Trog was greatly pleased with you.
You were not hungry.

You visited 1 branch You collected 306 gold pieces.

Inventory:

Hand weapons
 a - a +0,+0 mace (weapon)
Armour
 b - a +0 animal skin (worn)
Potions
 f - a potion of haste
 g - 2 potions of magic
 h - a potion of berserk rage


   Skills:
 - Level 3.2 Fighting
 * Level 14.8 Maces & Flails
 + Level 11.8 Armour
 - Level 1.5 Dodging


You had 7 spell levels left.
You didn't know any spells.

Dungeon Overview and Level Annotations

Branches:
Dungeon (1/1)

Altars:
Cheibriados
Dithmenos
Elyvilon
Fedhas
Gozag
Kikubaaqudgha
Makhleb
Nemelex Xobeh
Okawaru
Qazlal
Sif Muna
Trog
Vehumet
Xom
Yredelemnul
Zin
The Shining One
Jiyva

Shops:
D :


Innate Abilities, Weirdness & Mutations

You are resistant to torment.
You are immune to poison.
Your stone body is very resilient (AC +5).
You resist negative energy.
You are resistant to electric shocks.
You can survive without breathing.
You are immune to petrification.
You are immune to rotting.


Message History

You are too berserk!
You sock the demonic crawler!
You kill the demonic crawler!
Trog accepts your kill.
The demonic crawler gives a hideous shriek!
There is an open door here.
You see here a demonic crawler corpse.
You feel a strong urge to attack something.
You are no longer berserk.
You are exhausted.
You feel yourself slow down.
Unknown command.
Unknown command.
Drink which item? (? for menu, Esc to quit)
There was something very wrong with that liquid!
You feel weakened.
It was a potion of degeneration.
The demonic crawler hits you.
* * * LOW HITPOINT WARNING * * *
The demonic crawler hits you.
You die...

##########################
#<.#..').#.)s..#s_#.))...#
#..').#..'.@#..'..'..#...#
#..#####'#####'#__####...s.s
#..####..#...#.####(§ ####s.
#..#__####..##.#§§≈.c #
#..#_..._##'#..+§§≈.§
#⌠⌠#_.∩...'..._#
####_..._##_.#+#
#_____###+#.# ####### ###


You could see a demonic crawler.

Vanquished Creatures
  A demonic crawler (D)
  2 kobold demonologists (D)
  A slime creature (D)
  An elephant slug (D)
  An ogre (D)
  Sigmund (D)
  A quasit (D)
  A jelly (D)
  Ijyb (D)
  A giant eyeball (D)
11 creatures vanquished.

Vanquished Creatures (others)
  A gargoyle (D)
1 creature vanquished.

Grand Total: 12 creatures vanquished

Notes
Turn   | Place    | Note
--------------------------------------------------------------
     0 | D        | Infinimo, the Gargoyle Berserker, began the quest for the Orb.
     0 | D        | Reached XP level 1. HP: 14/14 MP: 1/1
     1 | D        | Noticed Ijyb
    22 | D        | Killed Ijyb
    22 | D        | Reached skill level 5 in Maces & Flails
    22 | D        | Reached XP level 2. HP: 12/19 MP: 2/2
   126 | D        | Noticed an ogre
   130 | D        | Killed an ogre
   130 | D        | Reached skill level 7 in Maces & Flails
   130 | D        | Reached skill level 5 in Armour
   130 | D        | Reached XP level 3. HP: 17/23 MP: 3/3
   130 | D        | Reached XP level 4. HP: 21/28 MP: 4/4
   265 | D        | Noticed Sigmund
   275 | D        | Killed Sigmund
   275 | D        | Acquired Trog's second power
   275 | D        | Reached skill level 9 in Maces & Flails
   275 | D        | Reached XP level 5. HP: 16/32 MP: 5/5
   466 | D        | Found a deep blue altar of Sif Muna.
   467 | D        | Noticed a jelly
   468 | D        | Found a radiant altar of Vehumet.
   476 | D        | Killed a jelly
   515 | D        | Found a snail-covered altar of Cheibriados.
   515 | D        | Found a viscous altar of Jiyva.
   515 | D        | Found a shadowy altar of Dithmenos.
   515 | D        | Found a blossoming altar of Fedhas.
   515 | D        | Noticed a slime creature
   523 | D        | Killed a slime creature
   523 | D        | Reached skill level 11 in Maces & Flails
   523 | D        | Reached XP level 6. HP: 37/37 MP: 6/6
   567 | D        | Found Klalour's Book Emporium.
   567 | D        | Found a white marble altar of Elyvilon.
   567 | D        | Found a burning altar of Makhleb.
   567 | D        | Found a glowing golden altar of the Shining One.
   567 | D        | Found an opulent altar of Gozag.
   567 | D        | Found a glowing silver altar of Zin.
   567 | D        | Noticed an elephant slug
   570 | D        | Found a stormy altar of Qazlal.
   570 | D        | Found a basalt altar of Yredelemnul.
   570 | D        | Found a sparkling altar of Nemelex Xobeh.
   570 | D        | Found a shimmering altar of Xom.
   570 | D        | Found an ancient bone altar of Kikubaaqudgha.
   697 | D        | Killed a gargoyle
   863 | D        | Killed an elephant slug
   863 | D        | Reached skill level 12 in Maces & Flails
   863 | D        | Reached XP level 7. HP: 12/41 MP: 7/7
   866 | D        | Found an iron altar of Okawaru.
   867 | D        | Found a bloodstained altar of Trog.
  1097 | D        | Noticed a centaur warrior
  1126 | D        | Noticed a kobold demonologist
  1127 | D        | Noticed a kobold demonologist
  1130 | D        | Noticed a ynoxinul
  1134 | D        | Paralysed by a giant eyeball for 2 turns
  1138 | D        | Noticed a blue devil
  1139 | D        | Killed a kobold demonologist
  1139 | D        | Reached skill level 13 in Maces & Flails
  1139 | D        | Reached skill level 10 in Armour
  1155 | D        | Killed a kobold demonologist
  1155 | D        | Reached skill level 14 in Maces & Flails
  1155 | D        | Reached XP level 8. HP: 45/46 MP: 8/8
  1159 | D        | Paralysed by a giant eyeball for 4 turns
  1163 | D        | Acquired Trog's third power
  1164 | D        | Noticed a demonic crawler
  1164 | D        | Noticed a demonic crawler
  1164 | D        | Noticed a demonic crawler
  1164 | D        | Noticed a demonic crawler
  1428 | D        | HP: 3/69 [demonic crawler (1)]
  1429 | D        | Killed a demonic crawler
  1432 | D        | HP: 1/46 [demonic crawler (1)]
  1432 | D        | Slain by a demonic crawler

Action                   |  1- 3 |  4- 6 |  7- 9 || total
-------------------------+-------+-------+-------++-------
Melee: Mace              |    23 |    54 |    49 ||   126
Invok: Berserk           |     1 |     3 |     2 ||     6
  Use: Potion            |       |       |     3 ||     3
       Scroll            |       |       |     1 ||     1
